 Dungeon Crawl Stone Soup version 0.18-b1-16-g289874d (webtiles) character file.

145 otab the Cudgeler (level 5, -8/55 HPs)
             Began as an Ogre Berserker on May 1, 2016.
             Was a Believer of Trog.
             Mangled by an ogre
             ... wielding a +0 giant club
              (27 damage)
             ... on level 3 of the Dungeon.
             The game lasted 00:02:35 (2696 turns).

otab the Cudgeler (Ogre Berserker)                  Turns: 2696, Time: 00:02:35

Health: -8/55      AC:  3    Str: 22    XL:     5   Next: 27%
Magic:  5/5        EV: 11    Int:  6    God:    Trog [**....]
Gold:   100        SH:  0    Dex: 10    Spells: 0 memorised, 4 levels left

rFire  . . .     SeeInvis .     n - +2 dagger (venom)
rCold  . . .     Gourm    .     b - +0 animal skin
rNeg   . . .     Faith    .     (no shield)
rPois  .         Spirit   .     (helmet restricted)
rElec  .         Dismiss  .     (no cloak)
rCorr  .         Reflect  .     (gloves unavailable)
SustAt .         Harm     .     (boots unavailable)
MR     .....                    (no amulet)
Stlth  +.........               (no ring)
                                (no ring)

@: not resistant to hostile enchantments, very unstealthy
A: unfitting armour, tough skin 1
a: Berserk, Trog's Hand, Burn Spellbooks, Renounce Religion


You were on level 3 of the Dungeon.
You worshipped Trog.
Trog was pleased with you.
You were hungry.

You visited 1 branch of the dungeon, and saw 3 of its levels.

You collected 100 gold pieces.

Inventory:

Hand Weapons
 a - a +0 mace
 n - a +2 dagger of venom (weapon)
Armour
 b - a +0 animal skin (worn)
Jewellery
 i - an uncursed ring of magical power {unknown}
Scrolls
 e - 7 scrolls of identify {unknown}
 g - a scroll of noise {unknown}
 h - a scroll of remove curse {unknown}
 o - 3 scrolls of magic mapping {unknown}
Potions
 d - 3 potions of degeneration {unknown}
 f - a potion of heal wounds {unknown}
 j - a potion of cancellation {unknown}
 k - a potion of curing {unknown}
 l - a potion of haste {unknown}
 m - a potion of magic {unknown}
Comestibles
 c - 2 bread rations
 p - a meat ration


   Skills:
 + Level 4.8 Fighting
 * Level 5.5 Maces & Flails
 + Level 4.1 Dodging


You had 4 spell levels left.
You didn't know any spells.

Dungeon Overview and Level Annotations

Branches:
Dungeon (3/15)

Altars:
Makhleb
Vehumet


Innate Abilities, Weirdness & Mutations

You are too large for most types of armour.
You have tough skin (AC +1).


Message History

An ogre is nearby!
An ogre is nearby!
The ogre hits you with a giant club!!
A kobold comes into view.
There are monsters nearby!
You barely miss the ogre.
The kobold shouts!
The ogre hits you with a giant club!!
You hit the ogre.
The ogre is poisoned.
The ogre is lightly wounded.
The ogre misses you.
You hit the ogre.
The ogre is moderately wounded.
The ogre closely misses you.
You hit the ogre.
The ogre looks even sicker.
The ogre is moderately wounded.
You barely miss the ogre.
The ogre is heavily wounded.
The ogre hits you with a giant club!!
You die...

+...>.#.#...#
#.#.#.#...#.#
#.#.#.###.#.# #
#.#.. ..#.# #
#.#.#######.#
#.##.#.........#
#.$.....########
#..............
#......@#######
#......O#
#.#...... #
#....K..
#.......#
#.......#
#.......#
#...#####


You could see an ogre and a kobold.

Vanquished Creatures
  A crimson imp (D:2)
  A worker ant (D:2)
  2 adders (D:2)
  3 oozes
  A dart slug (D:1)
  A giant gecko (D:1)
  2 orcs
  A ball python (D:1)
  3 bats
  A giant cockroach (D:1)
  4 goblins
  6 hobgoblins
  10 jackals
  9 kobolds
  6 rats
51 creatures vanquished.

Notes
Turn   | Place    | Note
--------------------------------------------------------------
     0 | D:1      | otab the Ogre Berserker began the quest for the Orb.
     0 | D:1      | Reached XP level 1. HP: 24/24 MP: 1/1
   138 | D:1      | Reached XP level 2. HP: 24/32 MP: 2/2
   639 | D:1      | Reached XP level 3. HP: 24/39 MP: 3/3
   980 | D:1      | Reached ** piety under Trog
  1519 | D:2      | Found a burning altar of Makhleb.
  1529 | D:2      | Reached skill level 5 in Maces & Flails
  1529 | D:2      | Reached XP level 4. HP: 41/49 MP: 4/4
  1885 | D:2      | Found a faded altar to an unknown god.
  2148 | D:2      | Found a radiant altar of Vehumet.
  2242 | D:2      | Reached XP level 5. HP: 55/55 MP: 5/5
  2688 | D:3      | Noticed an ogre
  2696 | D:3      | Mangled by an ogre

Skill      XL: |  1  2  3  4  5 |
---------------+----------------+-----
Dodging        | 3 4 |  4.1
Maces & Flails | 5 |  5.5
Fighting       | |  4.8

Action                   |  1- 3 |  4- 6 || total
-------------------------+-------+-------++-------
Melee: Mace              |   106 |    22 ||   128
       Dagger            |       |    39 ||    39
Invok: Berserk           |     2 |     1 ||     3
  Eat: Chunk             |     2 |     1 ||     3
       Meat ration       |     1 |       ||     1
Armor: Animal skin       |    51 |    21 ||    72
Dodge: Dodged            |    76 |    43 ||   119
